 Dungeon Crawl Stone Soup version 0.22-a0-825-ga28c36f (webtiles) character file.

50199 Amnesiac the Covert (level 14, -6/108 HPs)
             Began as a Mummy Earth Elementalist on July 24, 2018.
             Was a High Priest of Ashenzari.
             Mangled by a seven-headed hydra (13 damage)
             ... on level 13 of the Dungeon.
             The game lasted 01:17:07 (29665 turns).

Amnesiac the Covert (Mummy Earth Elementalist)     Turns: 29665, Time: 01:17:07

Health: -6/108     AC: 11    Str: 12    XL:     14   Next: 18%
Magic:  0/26       EV: 17    Int: 19    God:    Ashenzari [*****.]
Gold:   538        SH:  0    Dex: 12    Spells: 8/30 levels left

rFire    x . .     SeeInvis +   h - -3 dagger (curse)
rCold    + . .     Gourm    .   (no shield)
rNeg     + + +     Faith    .   x - +0 troll leather armour
rPois    ∞         Spirit   +   i - +1 helmet (curse)
rElec    .         Reflect  .   r - +0 cloak
rCorr    +         Harm     .   G - +2 pair of gloves (curse)
MR       +....     Clarity  +   o - +0 pair of boots (curse)
Stlth    +++++.....             z - amulet of guardian spirit (curse)
HPRegen  0.68/turn              n - ring of resist corrosion (curse)
MPRegen  0.20/turn              (no ring)

@: about to teleport
A: no food or potions, fire vulnerability, cold resistance 1, negative energy
resistance 3, torment resistance, unbreathing, in touch with death 1
a: Curse Item, Scrying, Transfer Knowledge, Renounce Religion


You were on level 13 of the Dungeon.
You worshipped Ashenzari.
Ashenzari was extremely pleased with you.
You were not hungry.

You visited 3 branches of the dungeon, and saw 18 of its levels.
You also visited: Bailey.

You collected 1642 gold pieces.
You spent 1104 gold pieces at shops.

Inventory:

Hand Weapons
 a - a +2 dagger of speed
 h - a cursed -3 dagger (weapon)
 w - a +2 dagger of venom
Missiles
 s - 5 throwing nets
 t - 28 stones (quivered)
Armour
 i - a cursed +1 helmet (worn)
 o - a cursed +0 pair of boots (worn)
 r - a +0 cloak (worn)
 x - a +0 troll leather armour (worn)
 B - +0 acid dragon scales
 G - a cursed +2 pair of gloves (worn)
Magical Staves
 b - an uncursed staff of earth
Jewellery
 n - a cursed ring of resist corrosion (left hand)
 v - an uncursed ring of fire
 z - a cursed amulet of guardian spirit (around neck)
 C - a +4 ring of intelligence
Wands
 d - a wand of enslavement (11)
 j - a wand of flame (33)
 m - a wand of random effects (38)
 p - a wand of iceblast (7)
 u - a wand of polymorph (37)
 y - a wand of scattershot (4)
 F - a wand of digging (14)
Scrolls
 c - 3 scrolls of remove curse {!r}
 e - 4 scrolls of immolation {!r}
 f - 2 scrolls of amnesia {!r}
 g - 2 scrolls of enchant armour {!r}
 k - 3 scrolls of magic mapping {!r}
 l - 5 scrolls of fog {!r}
 A - 6 scrolls of identify {!r}
 D - a scroll of enchant weapon {!r}
 E - 2 scrolls of blinking {!r}


   Skills:
 + Level 9.1 Fighting
 - Level 7.0(11.0) Short Blades
 + Level 7.7(10.4) Dodging
 + Level 11.2(13.6) Stealth
 - Level 8.5 Spellcasting
 - Level 4.0(6.5) Conjurations
 - Level 8.6(11.2) Transmutations
 - Level 8.6(11.2) Earth Magic


You had 8 spell levels left.
You knew the following spells:

 Your Spells              Type           Power        Failure   Level  Hunger
a - Sandblast             Erth           ######       1%          1    N/A
b - Passwall              Tmut/Erth      ######..     1%          2    N/A
c - Stone Arrow           Conj/Erth      #####.       1%          3    N/A
d - Lee's Rapid Deconstr  Erth           ######....   3%          5    N/A
e - Petrify               Tmut/Erth      ######..     1%          4    N/A
f - Irradiate             Conj/Tmut      #####.....   9%          5    N/A
g - Apportation           Tloc           #.....       10%         1    N/A
z - Confusing Touch       Hex            #.....       10%         1    N/A

Your spell library contained the following spells:

 Spells                   Type           Power        Failure   Level  Hunger
 Summon Small Mammal      Summ           #...         10%         1    N/A
 Animate Skeleton         Necr           N/A          10%         1    N/A
 Statue Form              Tmut/Erth      ######...    17%         6    N/A
 Dragon Form              Tmut           ######....   67%         7    N/A
 Hydra Form               Tmut           ######....   17%         6    N/A

Dungeon Overview and Level Annotations

Branches:
Dungeon (15/15)            Temple (1/1) D:5            Lair (0/6) D:10
    Orc (2/2) D:9             Elf (0/3) Orc:2        Depths (0/5) D:15
 Vaults: D:13-14

Altars:
Ashenzari
Cheibriados
Dithmenos
Elyvilon
Fedhas
Gozag
Hepliaklqana
Kikubaaqudgha
Makhleb
Nemelex Xobeh
Okawaru
Qazlal
Ru
Sif Muna
Trog
Uskayaw
Vehumet
Wu Jian
Xom
Yredelemnul
Zin
The Shining One
Beogh

Shops:
D:6 [   D:8 *   D:12 *   Orc:2 (%([!

Annotations:
D:15 Aviak's ghost, adept GnFE
Orc:2 Rupert


Innate Abilities, Weirdness & Mutations

You do not eat or drink.
Your flesh is vulnerable to fire.
You are immune to poison.
Your flesh is cold resistant. (rC+)
You are immune to negative energy. (rN+++)
You are immune to unholy pain and torment.
You can survive without breathing.
You are in touch with the powers of death.


Message History

The seven-headed hydra bites you! The seven-headed hydra bites you. x2
The seven-headed hydra barely misses you.
The seven-headed hydra bites you.
Unknown command.
Casting: Petrify (safe; 1% risk of failure)
Confirm with . or Enter, or press ? or * to list all spells.
You don't have enough magic to cast that spell.
Okay, then.
Casting: Petrify (safe; 1% risk of failure)
Confirm with . or Enter, or press ? or * to list all spells.
Aiming: Petrify (safe; 1% risk of failure)
Press: ? - help, Shift-Dir - straight line, f/p - ettin
Aim: an ettin, wielding a dire flail and a dire flail of crushing (chance to defeat MR: 55%)
The seven-headed hydra resists with some effort.
The seven-headed hydra bites you! The seven-headed hydra misses you.
The seven-headed hydra bites you. The seven-headed hydra misses you.
The seven-headed hydra bites you but does no damage.
The seven-headed hydra barely misses you.
The seven-headed hydra misses you.
Unknown command.
Really read
A - 7 scrolls of identify {!r}?
As you read the scroll of identify {!r}, it crumbles to dust.
E - 2 scrolls of blinking {!r} The seven-headed hydra bites you but does no damage.
The seven-headed hydra bites you.
The seven-headed hydra barely misses you.
The seven-headed hydra misses you.
The seven-headed hydra closely misses you.
The seven-headed hydra bites you!
The seven-headed hydra barely misses you.
Okay, then.
Unknown command.
Really read
q - a scroll of teleportation {!r}?
As you read the scroll of teleportation {!r}, it crumbles to dust.
You feel strangely unstable. The seven-headed hydra bites you.
* * * LOW HITPOINT WARNING * * *
The seven-headed hydra bites you.
* * * LOW HITPOINT WARNING * * *
The seven-headed hydra misses you. The seven-headed hydra bites you!
* * * LOW HITPOINT WARNING * * *
The seven-headed hydra bites you!
* * * LOW HITPOINT WARNING * * *
The seven-headed hydra bites you.
* * * LOW HITPOINT WARNING * * *
The seven-headed hydra bites you but does no damage.
The seven-headed hydra bites you.
* * * LOW HITPOINT WARNING * * *
The seven-headed hydra barely misses you.
The seven-headed hydra bites you but does no damage.
The seven-headed hydra misses you. The seven-headed hydra bites you.
* * * LOW HITPOINT WARNING * * *
The seven-headed hydra bites you.
* * * LOW HITPOINT WARNING * * *
The seven-headed hydra bites you but does no damage.
The seven-headed hydra bites you!
* * * LOW HITPOINT WARNING * * *
The seven-headed hydra misses you.
The seven-headed hydra bites you but does no damage.
The seven-headed hydra bites you!
* * * LOW HITPOINT WARNING * * *
The seven-headed hydra bites you but does no damage.
The seven-headed hydra barely misses you.
The seven-headed hydra bites you!
You die...

# #.#
#...#
#..## #.#
##...#
##..#
##.#
#...##
#..##
###.##
#...#
#...##
###..##
#...#
#)...##
...###
#...#
#......
.###
#TC##
##......
## ##D#
#.......
## #@#
##.......
.## ###
#.###.!#.
#.# ###
##.#. ###
###


You could see a seven-headed hydra, an ettin and a troll.

Vanquished Creatures
  Kirke (D:14)
  An orc warlord (Orc:2)
  The ghost of riteheju the Covert, a journeyman DsFi (D:11)
  Fannar (D:11)
  Harold (D:7)
  4 hydras
  An ogre mage (D:14)
  Erica (D:10)
  3 centaur warriors
  7 two-headed ogres
  Urug (D:14)
  2 skeletal warriors
  2 unseen horrors
  3 orc knights
  A wolf spider (D:15)
  3 cyclopes
  2 orc sorcerers
  13 ugly things
  2 deep elf magi
  Joseph (D:7)
  3 manticores
  3 centaur zombies
  Maurice (D:8)
  3 gargoyles
  A freezing wraith (D:14)
  A kobold demonologist (D:11)
  6 trolls
  3 hippogriffs (D:12)
  A hippogriff (shapeshifter) (D:15)
  2 shadows
  3 yaks (D:12)
  A vampire (D:12)
  2 humans
  5 wraiths
  Grum (D:8)
  2 basilisks
  2 hungry ghosts
  4 hogs (D:7)
  3 vampire mosquitoes (D:13)
  A warg (Orc:2)
  An acid dragon (D:14)
  A soldier ant (D:12)
  A water moccasin (D:12)
  33 orc warriors
  4 sky beasts
  5 ice beasts
  An eye of draining (D:13)
  A hornet zombie (D:8)
  4 wolves
  2 phantoms
  8 ogres
  15 centaurs
  9 big kobolds
  11 bullfrogs
  Blork the orc (D:4)
  9 gnoll sergeants
  A wyvern zombie (D:13)
  6 scorpions
  10 killer bees
  3 jellies
  7 wights
  7 howler monkeys
  7 crimson imps
  A quasit (D:12)
  5 hounds
  4 centaur skeletons
  7 gnoll shamans
  20 orc priests
  3 bullfrog skeletons
  6 iguanas
  22 orc wizards
  7 worker ants
  A hound skeleton (D:4)
  A worker ant zombie (D:8)
  33 gnolls
  A howler monkey skeleton (D:8)
  13 adders
  3 shadow imps
  An ooze (D:6)
  4 worms
  A dart slug (D:1)
  6 leopard geckos
  85 orcs
  3 ball pythons
  7 giant cockroaches
  12 goblins
  9 hobgoblins
  18 jackals
  7 quokkas
  4 bats
  8 frilled lizards
  A giant cockroach zombie (D:6)
  A jackal skeleton (D:4)
  36 kobolds
  6 rats
582 creatures vanquished.

Vanquished Creatures (others)
  2 humans (D:14)
  A centaur (D:14)
3 creatures vanquished.

Grand Total: 585 creatures vanquished

Notes
Turn   | Place    | Note
-------+----------+-------------------------------------------
     0 | D:1      | Amnesiac the Mummy Earth Elementalist began the quest for the Orb.
     0 | D:1      | Reached XP level 1. HP: 13/13 MP: 4/4
   268 | D:2      | Found a glowing silver altar of Zin.
   321 | D:3      | Reached XP level 2. HP: 20/20 MP: 5/5
   325 | D:3      | Learned a level 2 spell: Passwall
   339 | D:3      | Found a shattered altar of Ashenzari.
   363 | D:3      | Became a worshipper of Ashenzari the Shackled
   979 | D:1      | Reached skill level 1 in Fighting
  1014 | D:1      | Reached skill level 1 in Transmutations
  1060 | D:1      | Reached XP level 3. HP: 26/26 MP: 4/7
  1917 | D:2      | Found a snail-covered altar of Cheibriados.
  2036 | D:2      | Reached XP level 4. HP: 30/32 MP: 1/8
  2042 | D:2      | Learned a level 4 spell: Petrify
  2109 | D:2      | Found a shadowy altar of Dithmenos.
  3052 | D:3      | Reached * piety under Ashenzari
  3383 | D:4      | Found a burning altar of Makhleb.
  3437 | D:4      | Reached skill level 1 in Short Blades
  3437 | D:4      | Reached XP level 5. HP: 37/37 MP: 1/9
  3729 | D:4      | Noticed Blork the orc
  3905 | D:3      | Learned a level 3 spell: Stone Arrow
  4995 | D:4      | Killed Blork the orc
  4995 | D:4      | Reached XP level 6. HP: 40/43 MP: 3/11
  5708 | D:5      | Entered Level 5 of the Dungeon
  5824 | D:5      | Found a radiant altar of Vehumet.
  5968 | D:5      | Found a staircase to the Ecumenical Temple.
  6925 | D:5      | Found a hide-covered altar of Uskayaw.
  6970 | D:6      | Found a glowing golden altar of the Shining One.
  7004 | D:6      | Reached XP level 7. HP: 48/48 MP: 6/13
  7145 | D:6      | Reached skill level 2 in Stealth
  7220 | D:6      | Reached ** piety under Ashenzari
  7476 | Temple   | Entered the Ecumenical Temple
  8111 | D:6      | Learned a level 5 spell: Lee's Rapid Deconstruction
  8537 | D:6      | Reached skill level 5 in Spellcasting
  8537 | D:6      | Reached skill level 5 in Transmutations
  8537 | D:6      | Reached skill level 5 in Earth Magic
  8537 | D:6      | Reached XP level 8. HP: 54/54 MP: 6/15
  9287 | D:6      | Found Ruixta Locs's Antique Armour Shop.
 10284 | D:6      | Found a shimmering altar of Xom.
 10611 | D:6      | Bought a sheer robe for 165 gold pieces
 10621 | D:6      | Identified the +3 robe of Dishonesty {-Tele rPois MR+} (You bought it in a shop on level 6 of the Dungeon)
 11241 | D:7      | Found a bloodstained altar of Trog.
 11485 | D:8      | Noticed a two-headed ogre
 11749 | D:7      | Reached XP level 9. HP: 43/59 MP: 1/18
 12044 | D:7      | Found an iron altar of Okawaru.
 12700 | D:7      | Noticed Joseph
 12719 | D:7      | Killed Joseph
 13089 | D:8      | Noticed Maurice
 13093 | D:8      | Reached XP level 10. HP: 13/65 MP: 1/21
 13364 | D:8      | Killed Maurice
 13367 | D:8      | Noticed Grum
 13500 | D:8      | Noticed a deep elf mage
 13741 | D:8      | Killed a two-headed ogre
 13773 | D:8      | Killed a deep elf mage
 13832 | D:8      | Killed Grum
 13858 | D:8      | Noticed a two-headed ogre
 13973 | D:8      | Found a white marble altar of Elyvilon.
 14144 | D:8      | Noticed Harold
 14416 | D:7      | Killed Harold
 14549 | D:8      | Killed a two-headed ogre
 14853 | D:8      | Found Yban's General Store.
 15028 | D:8      | Bought an uncursed amulet of guardian spirit for 420 gold pieces
 15168 | D:9      | Reached skill level 5 in Short Blades
 15204 | D:9      | Reached XP level 11. HP: 70/70 MP: 16/23
 15273 | D:9      | Found a flagged portal.
 15355 | Bailey   | Entered a bailey
 16411 | Bailey   | Identified the ring of Emeacac {Ice MR++ Str+8 Dex-2 Slay-4} (You took it off a gnoll shaman in a bailey)
 16411 | Bailey   | Identified the +4 war axe "Headgh" {chop, Int+5} (You took it off a gnoll shaman in a bailey)
 16613 | D:9      | Reached *** piety under Ashenzari
 16642 | D:9      | Learned a level 5 spell: Irradiate
 16923 | D:9      | Reached skill level 1 in Conjurations
 17054 | D:9      | Found a staircase to the Orcish Mines.
 17473 | D:10     | Identified a paperback manual
 17473 | D:10     | Entered Level 10 of the Dungeon
 17477 | D:10     | Noticed a two-headed ogre
 17487 | D:10     | Killed a two-headed ogre
 17830 | D:10     | Noticed Erica
 17845 | D:10     | Killed Erica
 17973 | D:10     | Found a staircase to the Lair.
 17974 | D:10     | Reached **** piety under Ashenzari
 18032 | D:10     | Reached skill level 3 in Stealth
 18081 | D:10     | Identified the cursed +1 lajatang "Ceng" {protect, -Tele rN+ SInv} (You took it off a centaur on level 10 of the Dungeon)
 18165 | D:10     | Reached skill level 4 in Stealth
 18470 | D:11     | Noticed a five-headed hydra
 18479 | D:11     | Killed a five-headed hydra
 18479 | D:11     | Reached skill level 5 in Stealth
 18786 | D:11     | Reached skill level 6 in Stealth
 18916 | D:11     | Found an ornate altar of the Wu Jian Council.
 19099 | D:11     | Noticed Fannar
 19188 | D:11     | Killed Fannar
 19188 | D:11     | Reached skill level 7 in Stealth
 19295 | D:11     | Noticed a two-headed ogre
 19305 | D:11     | Killed a two-headed ogre
 19305 | D:11     | Reached XP level 12. HP: 76/76 MP: 16/24
 19430 | D:11     | Noticed a two-headed ogre
 19435 | D:11     | Killed a two-headed ogre
 19467 | D:11     | Reached skill level 8 in Stealth
 19914 | D:12     | Found a large runed door.
 19914 | D:12     | Found a large runed door.
 19916 | D:12     | Noticed riteheju's ghost (journeyman DsFi)
 20157 | D:11     | Killed riteheju's ghost
 20266 | D:12     | Noticed a seven-headed hydra
 20589 | D:12     | Killed a seven-headed hydra
 20654 | D:12     | Noticed a four-headed hydra
 20665 | D:12     | Killed a four-headed hydra
 20952 | D:12     | Found Okigeo's Assorted Antiques.
 21107 | D:12     | Reached skill level 9 in Stealth
 21531 | Orc:1    | Entered Level 1 of the Orcish Mines
 21949 | Orc:1    | Paralysed by an orc sorcerer for 2 turns
 21954 | Orc:1    | Paralysed by an orc sorcerer for 5 turns
 21984 | Orc:1    | Reached skill level 5 in Fighting
 22185 | Orc:2    | Entered Level 2 of the Orcish Mines
 22219 | Orc:2    | Found a roughly hewn altar of Beogh.
 22501 | Orc:2    | Reached ***** piety under Ashenzari
 22531 | Orc:2    | Noticed Rupert
 22550 | Orc:2    | Found a roughly hewn altar of Beogh.
 22572 | Orc:2    | Found a staircase to the Elven Halls.
 23103 | Orc:2    | Found Yhetyen's Antique Weapon Emporium.
 23432 | Orc:1    | Reached skill level 5 in Dodging
 23798 | Orc:2    | Found a roughly hewn altar of Beogh.
 23838 | Orc:2    | Gained mutation: You are in touch with the powers of death. [Mummy growth]
 23838 | Orc:2    | Reached XP level 13. HP: 83/93 MP: 17/25
 24149 | Orc:2    | Found a roughly hewn altar of Beogh.
 24416 | Orc:2    | Found Tydi's Food Shop.
 24457 | Orc:2    | Noticed an orc warlord
 24692 | Orc:2    | Killed an orc warlord
 24832 | Orc:2    | Found Opiq's Antique Weapon Boutique.
 24834 | Orc:2    | Found a roughly hewn altar of Beogh.
 24834 | Orc:2    | Found Zaboergha's Antique Armour Shop.
 24845 | Orc:2    | Bought a pair of runed boots for 187 gold pieces
 24846 | Orc:2    | Bought a glowing helmet for 187 gold pieces
 24922 | Orc:2    | Paralysed by Rupert for 5 turns
 25090 | Orc:2    | Found a roughly hewn altar of Beogh.
 25098 | Orc:2    | Found a roughly hewn altar of Beogh.
 25111 | Orc:2    | Found Xoxuaxt's Distillery.
 25286 | D:12     | Bought a large wooden ring for 145 gold pieces
 25833 | D:13     | Learned a level 1 spell: Confusing Touch
 25846 | D:13     | Learned a level 1 spell: Apportation
 25982 | D:13     | Noticed an ettin
 26016 | D:14     | Noticed Urug
 26018 | D:14     | Killed Urug
 26018 | D:14     | Reached skill level 10 in Stealth
 27649 | D:14     | Noticed Kirke
 27713 | D:14     | Killed Kirke
 28037 | D:15     | Entered Level 15 of the Dungeon
 28159 | D:15     | Reached XP level 14. HP: 106/106 MP: 21/26
 28387 | D:15     | Reached skill level 11 in Stealth
 28404 | D:15     | Found a staircase to the Depths.
 28587 | D:15     | Found a runed gate.
 28587 | D:15     | Noticed Aviak's ghost (adept GnFE)
 28589 | D:15     | Found a runed gate.
 28589 | D:15     | Found a runed gate.
 29665 | D:13     | Mangled by a seven-headed hydra

Vault maps used:
D:1:      sevenhm_arrival_forest_fort_large_2, serial_bayou_pond_c
D:2:      lemuel_round_altar, cheibriados_altar_1,
          nicolae_dithmenos_through_a_glass_darkly
D:3:      nicolae_ashenzari_panopticon, first_ration
D:4:      kennysheep_mini, hangedman_abyss_or_decor_stagger,
          minmay_misc_feat_rugged, uniq_blork_the_orc
D:5:      lemuel_coloured_pillars_altar, kennysheep_mini_moat,
          minmay_temple_entry_junction_2
D:6:      tgw_xom, basic_altar, serial_shops, kennysheep_little_box,
          kennysheep_generic_room_7
D:7:      lemuel_doored_altar, grunt_livestock, okawaru_trees_2, uniq_joseph
D:8:      minmay_bloctagon_deflated, nicolae_overflow_crystal_walls,
          serial_shops, shop, uniq_harold, uniq_grum, uniq_maurice
D:9:      orc_0_dummy, enter_bailey_3
D:10:     lair_entry_dummy, minivault_27, small_chamber_with_monster,
          minmay_door_square, uniq_erica
D:11:     lemuel_statue_altar, uniq_fannar
D:12:     ebering_ghost_disaster_area, serial_shops, shop
D:13:     david_vaults_4
D:14:     uniq_kirke, uniq_josephine, uniq_urug
D:15:     gammafunk_depths_entry_grave, serial_shops, shop,
          maelrawn_ghost_labyrinth_escape, basic_altar
Temple:   minmay_temple_bridge_abc
Orc:2:    grunt_orc_community_town_hall, grunt_orc_community_big_house_1,
          grunt_orc_community_big_house_2, grunt_orc_community_house_2,
          grunt_orc_community_house_3, grunt_orc_community_house_1,
          grunt_orc_community_house_1, basic_altar, serial_shops,
          nicolae_shop_crystal, uniq_rupert
Bailey:   bailey_polearm_gnolls_kennysheep, bailey

Skill      XL: |  1  2  3  4  5  6  7  8  9 10 11 12 13 14 |
---------------+-------------------------------------------+-----
Spellcasting   | 3 4 5 6 7 8 |  8.5
Earth Magic    | 3 4 5 6 7 8 |  8.6
Fighting       | 1 5 8 9 |  9.1
Transmutations | 1 2 3 4 5 6 7 8 |  8.6
Short Blades   | 1 2 5 7 |  7.0
Stealth        | 2 7 9 10 11 | 11.2
Conjurations   | 2 4 |  4.0
Dodging        | 5 7 |  7.7

Action                   |  1- 3 |  4- 6 |  7- 9 | 10-12 | 13-15 || total
-------------------------+-------+-------+-------+-------+-------++-------
Melee: Dagger            |    91 |   229 |   336 |   761 |   246 ||  1663
       Unarmed           |     6 |       |       |       |       ||     6
Throw: Throwing net      |       |       |       |     9 |       ||     9
 Cast: Sandblast         |    40 |    61 |    17 |    86 |    47 ||   251
       Passwall          |     4 |    18 |     9 |    14 |    31 ||    76
       Petrify           |       |    28 |    96 |   202 |   109 ||   435
       Stone Arrow       |       |    14 |    28 |     9 |       ||    51
       Lee's Rapid Decon |       |       |     7 |    52 |    34 ||    93
       Apportation       |       |       |       |       |     2 ||     2
Invok: Curse Item        |       |       |     3 |     2 |       ||     5
Evoke: Wand              |       |       |    15 |     6 |       ||    21
  Use: Scroll            |       |     6 |     3 |     4 |     3 ||    16
 Stab: Sleeping          |     3 |     8 |     3 |    18 |    28 ||    60
       Petrified         |       |    73 |    95 |   172 |    49 ||   389
       Petrifying        |       |     3 |    28 |    79 |    33 ||   143
       Held in net/web   |       |       |       |     4 |       ||     4
Armor: Robe              |    26 |    51 |   114 |    45 |       ||   236
       Troll leather arm |       |       |       |   170 |    71 ||   241
Dodge: Dodged            |    65 |   159 |   243 |   339 |   178 ||   984

Table legend:
 A = Spawn XP
 B = Non-spawn XP
 C = Spawn XP percentage of total XP
 D = Spawn monster count
 E = Non-spawn monster count
 F = Spawn count percentage of total count
 G = Total turns spent on level
                    A         B        C        D         E        F      G
               +---------+---------+-------+---------+---------+-------+---------
         Total |       0 |   71713 |   0.0 |       0 |     581 |   0.0 | 29665
               +---------+---------+-------+---------+---------+-------+---------
           D:1 |       0 |      37 |   0.0 |       0 |      22 |   0.0 |  1285
           D:2 |       0 |      60 |   0.0 |       0 |      18 |   0.0 |   998
           D:3 |       0 |     152 |   0.0 |       0 |      32 |   0.0 |  2174
           D:4 |       0 |     340 |   0.0 |       0 |      22 |   0.0 |  1359
           D:5 |       0 |     243 |   0.0 |       0 |      15 |   0.0 |  1946
           D:6 |       0 |    1359 |   0.0 |       0 |      43 |   0.0 |  3076
           D:7 |       0 |    3927 |   0.0 |       0 |      41 |   0.0 |  2438
           D:8 |       0 |    4721 |   0.0 |       0 |      38 |   0.0 |  1362
           D:9 |       0 |    1566 |   0.0 |       0 |      26 |   0.0 |  1259
          D:10 |       0 |    3358 |   0.0 |       0 |      25 |   0.0 |   984
          D:11 |       0 |    8167 |   0.0 |       0 |      39 |   0.0 |  1706
          D:12 |       0 |    6919 |   0.0 |       0 |      31 |   0.0 |  1411
          D:13 |       0 |    3070 |   0.0 |       0 |      24 |   0.0 |   736
          D:14 |       0 |   16333 |   0.0 |       0 |      45 |   0.0 |  3205
          D:15 |       0 |   10518 |   0.0 |       0 |      24 |   0.0 |   416
         Orc:1 |       0 |    2634 |   0.0 |       0 |      25 |   0.0 |  1508
         Orc:2 |       0 |    7098 |   0.0 |       0 |      81 |   0.0 |  2150
        Bailey |       0 |    1211 |   0.0 |       0 |      30 |   0.0 |  1135
               +---------+---------+-------+---------+---------+-------+---------
